 Dungeon Crawl Stone Soup version 0.32-a0-685-g93135e86f0 (webtiles) character file.

Game seed: 15725146745181982495

1319 Fodor the Cleaver (level 8, -11/70 HPs)
             Began as a Minotaur Fighter on Mar 12, 2024.
             Mangled by a gargoyle
             ... wielding a +0 mace
              (13 damage)
             ... on level 6 of the Dungeon.
             The game lasted 00:16:09 (4463 turns).

Fodor the Cleaver (Minotaur Fighter)                Turns: 4463, Time: 00:16:09

Health: -11/70     AC: 14    Str: 24    XL:     8   Next: 33%
Magic:  7/7        EV:  9    Int:  5    God:
Gold:   417        SH:  4    Dex:  9    Spells: 7/7 levels left

rFire   . . .        a - +0 war axe
rCold   + . .        c - +0 buckler
rNeg    + . .        o - +1 chain mail
rPois   .            (helmet restricted)
rElec   .            (no cloak)
rCorr   .            m - +2 pair of gloves
SInv    .            (no boots)
Will    .....        (no amulet) Stlth
                     w - ring of positive energy
HPRegen 0.31/turn    p - ring of protection from cold
MPRegen 0.10/turn

%: no passive effects
@: no status effects
A: horns 2, retaliatory headbutt
a: no special abilities


You were on level 6 of the Dungeon.
You visited 1 branch of the dungeon, and saw 6 of its levels.

You collected 417 gold pieces.

Inventory:

Hand Weapons
 a - a +0 war axe (weapon)
Missiles
 t - 4 boomerangs (quivered)
Armour
 c - a +0 buckler (worn)
 m - a +2 pair of gloves (worn)
 o - a +1 chain mail (worn)
Jewellery
 p - a ring of protection from cold (right hand)
 w - a ring of positive energy (left hand)
Scrolls
 d - a scroll of butterflies {unknown}
 e - 7 scrolls of revelation
 f - a scroll of teleportation {unknown}
 h - a scroll of fog
 i - 2 scrolls of blinking
 j - 3 scrolls of vulnerability
 k - 2 scrolls of fear
 s - a scroll of acquirement
 u - a scroll of enchant weapon {unknown}
 v - a scroll of amnesia {unknown}
Potions
 b - 2 potions of degeneration {unknown}
 g - a potion of cancellation {unknown}
 l - a potion of brilliance {unknown}
 n - 3 potions of haste {unknown}
 q - a potion of enlightenment {unknown}
 r - 2 potions of attraction {unknown}


   Skills:
 + Level 6.2 Fighting
 + Level 8.1 Axes
 + Level 2.1 Throwing
 + Level 6.8 Armour
 + Level 2.3 Dodging
 + Level 0.1 Stealth
 + Level 4.8 Shields


You had 7 spell levels left.
You didn't know any spells.
Your spell library contained the following spells:

 Spells                   Type           Power      Damage    Failure   Level
 Foxfire                  Conj/Fire      0%         2x1d4     97%         1
 Blink                    Tloc           0%         N/A       99%         2
 Lesser Beckoning         Tloc           0%         N/A       99%         2
 Momentum Strike          Conj/Tloc      0%         3d8       99%         2
 Passwall                 Erth           0%         N/A       100%        3
 Volatile Blastmotes      Fire/Tloc      0%         2d10      100%        3
 Bombard                  Conj/Erth      0%         9d1       100%        6
 Plasma Beam              Fire/Air       0%         2x1d10    100%        6
 Starburst                Conj/Fire      0%         6d3       100%        6


Dungeon Overview and Level Annotations

Branches:
Dungeon (6/15)
 Temple: D:4-7

Altars:
Dithmenos
Makhleb
Qazlal
Vehumet
Zin
The Shining One


Innate Abilities, Weirdness & Mutations

You have a pair of horns on your head.
You reflexively headbutt those who attack you in melee.


Message History

You slash the shadow imp!
You kill the shadow imp!
The gargoyle hurls a stone arrow at you.
The stone arrow hits you! The gargoyle hits you with a +0 mace!
You hit the gargoyle but do no damage. The gargoyle closely misses you. x2
You furiously retaliate!
You headbutt the gargoyle. You barely miss the gargoyle.
The gargoyle is moderately damaged.
The gargoyle hits you with a +0 mace.
You barely miss the gargoyle.
The gargoyle is moderately damaged.
The gargoyle hits you with a +0 mace.
You barely miss the gargoyle.
The gargoyle is moderately damaged.
The gargoyle closely misses you.
You hit the gargoyle but do no damage.
The gargoyle is moderately damaged.
The gargoyle hits you with a +0 mace!
You barely miss the gargoyle.
The gargoyle is moderately damaged.
The gargoyle misses you. You furiously retaliate!
You headbutt the gargoyle! You hit the gargoyle.
The gargoyle is almost destroyed.
The gargoyle hurls a stone arrow at you.
The stone arrow hits you!!
* * * LOW HITPOINT WARNING * * *
You hit the gargoyle but do no damage.
The gargoyle is almost destroyed.
The gargoyle hurls a stone arrow at you.
The stone arrow misses you.
You hit the gargoyle but do no damage. Your headbutt misses the gargoyle.
The gargoyle is almost destroyed.
The gargoyle hits you with a +0 mace!
* * * LOW HITPOINT WARNING * * *
The gargoyle hits you but does no damage.
You hit the gargoyle but do no damage.
The gargoyle is almost destroyed.
The gargoyle hits you with a +0 mace!
You die...

#...+...##
#.# ..
#.......# #.#
#.# ###.###.#
#.#
...ß#..)..#.#
#.#
....#.....#.#
.ß...?.?.)..#
....#.....#.#
...ß#!.$..#.#
#.#
###@###.###
..
#..9.......
#...#######
.......
....#....#
....#....#
#.# #....# ..
.....#
.##+#.#


You could see a gargoyle.

Vanquished Creatures
  2 ice beasts
  2 black bears
  An ogre (D:5)
  A phantom (D:6)
  A bullfrog (D:6)
  2 scorpions
  A crimson imp (D:4)
  A bombardier beetle (D:4)
  4 jellies
  2 gnoll boudas
  2 iguanas
  An orc wizard (D:4)
  7 gnolls
  11 adders
  A shadow imp (D:6)
  A white imp (D:5)
  2 ufetubi (D:5)
  5 dart slugs
  2 ribbon worms (D:2)
  6 orcs
  6 endoplasms
  4 giant cockroaches
  10 goblins
  10 hobgoblins
  6 jackals (D:4)
  7 kobolds
  A quokka (D:3)
  6 ball pythons
  6 bats
  2 frilled lizards
  9 rats
122 creatures vanquished.

Notes
Turn   | Place    | Note
-------+----------+-------------------------------------------
     0 | D:1      | Fodor the Minotaur Fighter began the quest for the Orb.
     0 | D:1      | Reached XP level 1. HP: 19/19 MP: 0/0
    50 | D:1      | Reached skill level 3 in Axes
    55 | D:1      | Reached XP level 2. HP: 20/26 MP: 1/1
   305 | D:1      | Reached XP level 3. HP: 33/33 MP: 2/2
   462 | D:1      | You fall into a shaft and drop 1 floor!
   535 | D:2      | Found a radiant altar of Vehumet.
  1917 | D:3      | Found a glowing silver altar of Zin.
  2148 | D:3      | Reached XP level 4. HP: 40/40 MP: 3/3
  2157 | D:3      | Reached skill level 4 in Axes
  2521 | D:4      | Reached XP level 5. HP: 16/46 MP: 4/4
  2681 | D:4      | Found a stormy altar of Qazlal.
  2746 | D:4      | Reached skill level 1 in Dodging
  2797 | D:4      | Reached skill level 5 in Armour
  2854 | D:4      | Noticed a black bear
  2870 | D:4      | Reached skill level 5 in Axes
  2874 | D:4      | Killed a black bear
  2875 | D:4      | Reached skill level 1 in Throwing
  2875 | D:4      | Reached XP level 6. HP: 19/53 MP: 5/5
  3032 | D:4      | Identified a scroll of acquirement
  3084 | D:4      | Found a shadowy altar of Dithmenos.
  3274 | D:4      | Found a burning altar of Makhleb.
  3274 | D:4      | Found a radiant altar of Vehumet.
  3349 | D:5      | Entered Level 5 of the Dungeon
  3358 | D:5      | Reached skill level 6 in Axes
  3484 | D:5      | Reached XP level 7. HP: 51/60 MP: 6/6
  3659 | D:5      | Reached skill level 5 in Fighting
  3659 | D:5      | Reached skill level 7 in Axes
  3849 | D:5      | Found a glowing golden altar of the Shining One.
  4362 | D:6      | Reached XP level 8. HP: 67/69 MP: 7/7
  4429 | D:6      | Noticed a gargoyle
  4441 | D:6      | Reached skill level 8 in Axes
  4462 | D:6      | HP: 2/70 [gargoyle/+0 mace (13)]
  4463 | D:6      | Mangled by a gargoyle

Illustrated notes

Levels and vault maps discovered:
D:1:      onia_arrival_mini_spirals, layout_rooms
D:2:      layout_basic, basic_altar, grunt_decor_clamped
D:3:      layout_basic, lemuel_round_altar, minmay_misc_feat_doors
D:4:      layout_cave_pools, grunt_temple_overflow_lords_of_destruction,
          grunt_dithmenos_smoke, old_standard_altar, minmay_unequal
D:5:      kennysheep_spiral_hall, layout_basic, amcnicky_altar_gilded
D:6:      layout_basic, mainiacjoe_overflow_boulevard,
          minmay_temple_entry_overgrown, minmay_chambers_of_fives,
          uniq_eustachio

Skill      XL: |  1  2  3  4  5  6  7  8 |
---------------+-------------------------+-----
Axes           | 3 4 5 6 7 8 |  8.1
Armour         | 4 5 6 |  6.8
Fighting       | 4 5 6 |  6.2
Shields        | 4 |  4.8
Dodging        | 1 2 |  2.3
Throwing       | 1 2 |  2.1
Stealth        | |  0.1

Action                     |  1- 3 |  4- 6 |  7- 9 || total
---------------------------+-------+-------+-------++-------
  Melee: War axe           |    82 |   104 |    85 ||   271
         Headbutt          |     8 |    10 |    15 ||    33
  Throw: Boomerang         |       |    22 |     8 ||    30
  Evoke: Wand              |       |       |     1 ||     1
    Use: Potion            |       |     4 |       ||     4
         Scroll            |       |     7 |     1 ||     8
 Armour: Scale mail        |    47 |       |       ||    47
         Chain mail        |    13 |   156 |    73 ||   242
  Dodge: Dodged            |    39 |    66 |    33 ||   138
  Block: Buckler           |    25 |    34 |    16 ||    75

Table legend: (Time is in decaauts)
 A = Elapsed time spent in this place.
 B = Non-inter-level travel time spent in this place.
 C = Inter-level travel time spent in this place.
 D = Time resting spent in this place.
 E = Time spent auto-exploring this place.
 F = Levels seen in this place.
 G = Mean time per level.
                   A        B        C        D        E       F      G
               +--------+--------+--------+--------+--------+-----+--------+
         Total |   4541 |   4356 |    185 |     54 |   2906 |   6 |  756.8 |
       Dungeon |   4541 |   4356 |    185 |     54 |   2906 |   6 |  756.8 |
               +--------+--------+--------+--------+--------+-----+--------+

Top non-repeatable levels by time:
     D:2: 1273 daAuts
     D:5: 966 daAuts
     D:4: 906 daAuts
     D:1: 616 daAuts
     D:3: 614 daAuts
     D:6: 163 daAuts
